 Dungeon Crawl Stone Soup version 0.29-a0-563-g64e4043184 (webtiles) character file.

Game seed: 8947148254339863694

83 DocClef the Covert (level 4, 0/41 HPs)
             Began as a Gnoll Delver on June 11, 2022.
             Slain by a phantom (5 damage)
             ... on level 5 of the Dungeon.
             The game lasted 00:00:36 (147 turns).

DocClef the Covert (Gnoll Delver)                    Turns: 147, Time: 00:00:37

Health: 0/41       AC:  3    Str: 11    XL:     4   Next: 44%
Magic:  5/5        EV: 13    Int:  9    God:
Gold:   0          SH:  0    Dex: 16    Spells: 5/5 levels left

rFire   . . .      SeeInvis .   a - +0 short sword
rCold   . . .      Faith    .   (no shield)
rNeg    . . .      Spirit   .   b - +0 leather armour
rPois   .          Reflect  .   (no helmet)
rElec   .          Harm     .   (no cloak)
rCorr   .          Rampage  .   (no gloves)
Will    .....                   (no boots)
Stlth   ++++......              (no amulet)
HPRegen 0.13/turn               (no ring)
MPRegen 0.09/turn               (no ring)

@: no status effects
A: fangs 1, strong nose, distributed training
a: no special abilities


You were on level 5 of the Dungeon.
You visited 1 branch of the dungeon, and saw 1 of its levels.

Inventory:

Hand Weapons
 a - a +0 short sword (weapon)
Armour
 b - a +0 leather armour (worn)
Wands
 g - a wand of digging (3)
Scrolls
 c - a scroll of fog
 d - a scroll of torment {unknown}
 e - a scroll of fear
Potions
 f - a potion of haste


   Skills:
 + Level 6.6 Fighting
 + Level 4.6 Short Blades
 + Level 1.1 Long Blades
 + Level 1.1 Axes
 + Level 1.1 Maces & Flails
 + Level 1.1 Polearms
 + Level 1.1 Staves
 + Level 1.1 Slings
 + Level 1.1 Bows
 + Level 1.1 Crossbows
 + Level 1.1 Throwing
 + Level 1.1 Armour
 + Level 4.6 Dodging
 + Level 9.6 Stealth
 + Level 1.1 Shields
 + Level 1.1 Unarmed Combat
 + Level 1.1 Spellcasting
 + Level 0.9 Conjurations
 + Level 0.9 Hexes
 + Level 0.9 Summonings
 + Level 0.9 Necromancy
 + Level 0.9 Translocations
 + Level 0.9 Transmutations
 + Level 0.9 Fire Magic
 + Level 0.9 Ice Magic
 + Level 0.9 Air Magic
 + Level 0.9 Earth Magic
 + Level 0.9 Poison Magic
 + Level 1.2 Invocations
 + Level 1.1 Evocations


You had 5 spell levels left.
You didn't know any spells.
Your spell library was empty.

Dungeon Overview and Level Annotations

Branches:
Dungeon (5/15)             Temple (0/1) D:5

Altars:


Innate Abilities, Weirdness & Mutations

You have very sharp teeth.
Your uncanny sense of smell can sniff out nearby items.
Your experience applies equally to all skills.


Message History

Your Evocations skill increases to level 1!
You have reached level 4!
You feel agile.
Unknown command.
d - a scroll labelled HUDGHIBECHO A phantom comes into view.
The phantom hits you but does no damage.
You hit the phantom but do no damage. The phantom hits you.
You closely miss the phantom. The phantom hits you.
The phantom blinks!
You blink.
You hit the phantom. You bite the phantom.
The phantom is lightly damaged.
The phantom misses you.
You hit the phantom.
The phantom is lightly damaged.
You hit the phantom but do no damage.
The phantom is lightly damaged.
The phantom hits you but does no damage.
You barely miss the phantom.
The phantom is lightly damaged.
The phantom hits you!
You hit the phantom.
The phantom is moderately damaged.
The phantom hits you.
The phantom blinks!
You blink.
The phantom hits you!
* * * LOW HITPOINT WARNING * * *
The phantom blinks!
You blink.
The phantom hits you.
* * * LOW HITPOINT WARNING * * *
The phantom blinks!
You blink.
You closely miss the phantom.
The phantom is moderately damaged.
The phantom closely misses you. The phantom hits you.
* * * LOW HITPOINT WARNING * * *
Unknown command.
You closely miss the phantom. Your punch misses the phantom.
The phantom is moderately damaged.
The phantom hits you.
You die...

#.# * #.# * #.# * #.# *
#.## * #####..# *****
#......## *,,,,
#.......# *,#**
#.....@## *.# *
##.##W.# *.# #.*##.#
#####.### #,*
#.########........
*,*##.ยง..............$
*,*#...........#.#.###
*,*##..#####.........#
*,**##.#***#.#.#.#.#.#
*,,,,...,,...#.#.#.#.#


You could see a phantom.

Vanquished Creatures
  A scorpion (D:5)
  A jelly (D:5)
2 creatures vanquished.

Notes
Turn   | Place    | Note
-------+----------+-------------------------------------------
     0 | D:5      | Reached skill level 9 in Stealth
     0 | D:5      | DocClef the Gnoll Delver began the quest for the Orb.
     0 | D:5      | Reached XP level 1. HP: 23/23 MP: 1/1
     4 | D:5      | Noticed a jelly
    14 | D:5      | Killed a jelly
    15 | D:5      | Reached XP level 2. HP: 12/29 MP: 2/2
    15 | D:5      | Reached XP level 3. HP: 15/35 MP: 3/3
   118 | D:5      | Noticed a scorpion
   121 | D:5      | Killed a scorpion
   122 | D:5      | Reached skill level 1 in Long Blades
   122 | D:5      | Reached skill level 1 in Axes
   122 | D:5      | Reached skill level 1 in Maces & Flails
   122 | D:5      | Reached skill level 1 in Polearms
   122 | D:5      | Reached skill level 1 in Staves
   122 | D:5      | Reached skill level 1 in Slings
   122 | D:5      | Reached skill level 1 in Bows
   122 | D:5      | Reached skill level 1 in Crossbows
   122 | D:5      | Reached skill level 1 in Throwing
   122 | D:5      | Reached skill level 1 in Armour
   122 | D:5      | Reached skill level 1 in Shields
   122 | D:5      | Reached skill level 1 in Unarmed Combat
   122 | D:5      | Reached skill level 1 in Spellcasting
   122 | D:5      | Reached skill level 1 in Invocations
   122 | D:5      | Reached skill level 1 in Evocations
   122 | D:5      | Reached XP level 4. HP: 31/41 MP: 3/5
   131 | D:5      | Noticed a phantom
   147 | D:5      | Slain by a phantom

Illustrated notes

Levels and vault maps discovered:
D:5:      layout_loops_ring, kennysheep_okawaru_gauntlet,
          minmay_temple_entry_water_ring, chequers_ossuary_entry_cave,
          grunt_decor_fettered

Skill      XL: |  1  2  3 |
---------------+----------+-----
Stealth        | |  9.6
Long Blades    | 1 |  1.1
Axes           | 1 |  1.1
Maces & Flails | 1 |  1.1
Polearms       | 1 |  1.1
Staves         | 1 |  1.1
Slings         | 1 |  1.1
Bows           | 1 |  1.1
Crossbows      | 1 |  1.1
Throwing       | 1 |  1.1
Armour         | 1 |  1.1
Shields        | 1 |  1.1
Unarmed Combat | 1 |  1.1
Spellcasting   | 1 |  1.1
Invocations    | 1 |  1.2
Evocations     | 1 |  1.1
Fighting       | |  6.6
Short Blades   | |  4.6
Dodging        | |  4.6
Conjurations   | |  0.9
Hexes          | |  0.9
Summonings     | |  0.9
Necromancy     | |  0.9
Translocations | |  0.9
Transmutations | |  0.9
Fire Magic     | |  0.9
Ice Magic      | |  0.9
Air Magic      | |  0.9
Earth Magic    | |  0.9
Poison Magic   | |  0.9

Action                   |  1- 3 |  4- 6 || total
-------------------------+-------+-------++-------
Melee: Short sword       |     7 |     9 ||    16
       Bite              |       |     1 ||     1
  Use: Scroll            |     1 |       ||     1
 Stab: Sleeping          |     1 |       ||     1
Armor: Leather armour    |       |     2 ||     2
Dodge: Dodged            |     4 |     2 ||     6

Table legend: (Time is in decaauts)
 A = Elapsed time spent in this place.
 B = Non-inter-level travel time spent in this place.
 C = Inter-level travel time spent in this place.
 D = Time resting spent in this place.
 E = Time spent auto-exploring this place.
 F = Levels seen in this place.
 G = Mean time per level.
                   A        B        C        D        E       F      G
               +--------+--------+--------+--------+--------+-----+--------+
         Total |    145 |    145 |      0 |     82 |      3 |   1 |  145.0 |
       Dungeon |    145 |    145 |      0 |     82 |      3 |   1 |  145.0 |
               +--------+--------+--------+--------+--------+-----+--------+

Top non-repeatable levels by time:
     D:5: 145 daAuts
